[Event "Speed Chess Championship 2020"]
[Site "Online"]
[Date "2020.11.16"]
[Round "1.23"]
[White "Artemiev, Vladislav"]
[Black "Giri, Anish"]
[Result "1/2-1/2"]
[ECO "A11"]
[WhiteElo "2708"]
[BlackElo "2764"]
[Annotator "ChessBase"]
[PlyCount "133"]
[EventDate "2020.10.31"]
[EventType "k.o."]
[EventCountry "NET"]
[SourceTitle "playchess.com"]
[Source "ChessBase"]
[SourceQuality "1"]
[TimeControl "60+1"]

1. Nf3 d5 2. e3 Nf6 3. c4 c6 4. Qc2 g6 5. b3 Bg7 6. Bb2 O-O 7. Be2 Bg4 8. O-O Nbd7 9. Nc3 e5 10. h3 Bf5 11. d3 Re8 12. cxd5 cxd5 13. e4 Be6 14. Ng5 d4 15. Nb5 Rc8 16. Qd2 Qb6 17. Nxe6 Rxe6 18. Na3 Rec6 19. Rac1 Bf8 20. Rxc6 Rxc6 21. Rc1 Qa6 22. Rxc6 Qxc6 23. Nc2 a5 24. Bd1 b6 25. Qc1 Nc5 26. Ne1 Qb5 27. Qc2 h5 28. Bc1 Kh7 29. f4 Nfd7 30. f5 Bh6 31. Bxh6 Kxh6 32. fxg6 fxg6 33. g4 Qb4 34. Kf2 h4 35. Be2 g5 36. Nf3 Qc3 37. Qxc3 dxc3 38. Ke3 Ne6 39. Bd1 b5 40. d4 Nf4 41. dxe5 Nxh3 42. e6 Nf6 43. e7 Nf4 44. e5 N6d5+ 45. Kd4 Nxe7 46. Kxc3 h3 47. Kd4 Kg7 48. Nxg5 h2 49. Bf3 Kg6 50. Ne4 Ne6+ 51. Ke3 Nd5+ 52. Kf2 Ndf4 53. Kg3 Nd3 54. Kxh2 Nxe5 55. Kg3 Nd4 56. Nc5 Ndxf3 57. Kf4 Kf6 58. Nb7 a4 59. bxa4 bxa4 60. a3 Ng5 61. Ke3 Ne6 62. Ke4 Nxg4 63. Kd5 Ne3+ 64. Kc6 Nc2 65. Kb5 Nxa3+ 66. Kxa4 Nc4 67. Kb4 1/2-1/2

[Event "Speed Chess Championship 2020"]
[Site "Online"]
[Date "2020.11.11"]
[Round "1.24"]
[White "Aronian, Levon"]
[Black "Nepomniachtchi, Ian"]
[Result "0-1"]
[ECO "B13"]
[WhiteElo "2781"]
[BlackElo "2784"]
[Annotator "ChessBase"]
[PlyCount "66"]
[EventDate "2020.10.31"]
[EventType "k.o."]
[SourceTitle "playchess.com"]
[Source "ChessBase"]
[SourceQuality "1"]
[TimeControl "60+1"]

1. e4 c6 2. d4 d5 3. exd5 cxd5 4. Bd3 Nc6 5. c3 g6 6. Nf3 Qc7 7. O-O Nf6 8. Re1 Bf5 9. Bf1 h5 10. Nbd2 e6 11. Ne5 Bd6 12. Ndf3 Ne4 13. c4 f6 14. cxd5 exd5 15. Nxc6 bxc6 16. Bd2 g5 17. Rc1 g4 18. Nh4 Bxh2+ 19. Kh1 Kf7 20. Be3 Be6 21. g3 Bxg3 22. fxg3 Qxg3 23. Ng2 Qh3+ 24. Kg1 g3 25. Be2 Qh2+ 26. Kf1 Nf2 27. Bxf2 gxf2 28. Kxf2 Rhg8 29. Bf3 Bh3 30. Rg1 Qg3+ 31. Kf1 Rae8 32. Rxc6 Rg5 33. Rc3 Rf5 0-1

[Event "Speed Chess Championship 2020"]
[Site "Online"]
[Date "2020.11.16"]
[Round "1.24"]
[White "Giri, Anish"]
[Black "Artemiev, Vladislav"]
[Result "0-1"]
[ECO "C50"]
[WhiteElo "2764"]
[BlackElo "2708"]
[Annotator "ChessBase"]
[PlyCount "83"]
[EventDate "2020.10.31"]
[EventType "k.o."]
[EventCountry "NET"]
[SourceTitle "playchess.com"]
[Source "ChessBase"]
[SourceQuality "1"]
[TimeControl "60+1"]

1. e4 e5 2. Nf3 Nc6 3. Bc4 Be7 4. d4 d6 5. O-O Bg4 6. c3 Nf6 7. d5 Nb8 8. Nbd2 O-O 9. h3 Bh5 10. Be2 Nbd7 11. Re1 c6 12. dxc6 bxc6 13. Nh4 Bxe2 14. Qxe2 g6 15. Nhf3 Nc5 16. c4 a5 17. b3 Qb6 18. Rb1 Rfb8 19. Ba3 Nfd7 20. Red1 Ne6 21. Nf1 Qc7 22. Ne3 Ndc5 23. Qc2 h5 24. g3 Bf8 25. Bc1 Rb7 26. Bd2 Nd4 27. Nxd4 exd4 28. Ng2 Re8 29. Re1 d3 30. Qc3 Bg7 31. Qxa5 Qxa5 32. Bxa5 Ra7 33. b4 Nxe4 34. Rbd1 Bc3 35. Re3 Bd4 36. Rexd3 Bxf2+ 37. Kh2 c5 38. a3 Bd4 39. Re1 Re5 40. Nf4 Nf2 41. Rxe5 dxe5 42. Rd1 0-1

[Event "Speed Chess Championship 2020"]
[Site "Online"]
[Date "2020.11.08"]
[Round "1.25"]
[White "So, Wesley"]
[Black "Abdusattorov, Nodirbek"]
[Result "1-0"]
[ECO "B10"]
[WhiteElo "2816"]
[BlackElo "2662"]
[Annotator "ChessBase"]
[PlyCount "153"]
[EventDate "2020.10.31"]
[EventType "k.o."]
[SourceTitle "playchess.com"]
[Source "ChessBase"]
[SourceQuality "1"]
[TimeControl "60+1"]

1. e4 c6 2. Nf3 d5 3. d3 Qc7 4. Nbd2 g6 5. e5 Bg4 6. d4 Bg7 7. h3 Bxf3 8. Nxf3 e6 9. c3 c5 10. Bb5+ Nc6 11. O-O Nge7 12. Be3 O-O 13. Re1 a6 14. Bxc6 Nxc6 15. Qd2 cxd4 16. cxd4 Rac8 17. h4 Qa5 18. Rac1 Qxd2 19. Bxd2 Rfe8 20. h5 f6 21. exf6 Bxf6 22. hxg6 hxg6 23. Be3 Kf7 24. Rc3 Na5 25. Rec1 Rxc3 26. Rxc3 Nc4 27. b3 Nd6 28. Bf4 Nb5 29. Rd3 Rc8 30. Ne5+ Kg7 31. Rg3 g5 32. Bxg5 Bxg5 33. Rxg5+ Kf6 34. Rg6+ Kf5 35. g4+ Ke4 36. Rxe6 Nxd4 37. Re7 Kf4 38. Kg2 Rc2 39. Kh3 Rxa2 40. Nd3+ Kg5 41. Re5+ Kf6 42. g5+ Kf7 43. Rxd5 Ne6 44. f4 Ra1 45. Kg4 Rg1+ 46. Kf3 Rf1+ 47. Kg3 Ng7 48. Rd7+ Kg8 49. Rxb7 Nf5+ 50. Kg4 Ng7 51. Ne5 Rg1+ 52. Kf3 Ne6 53. Rb8+ Kg7 54. Rb7+ Kg8 55. Ng6 a5 56. Rb6 Kf7 57. Ne5+ Ke7 58. Ng6+ Kf7 59. Ne5+ Ke7 60. Ke4 Rf1 61. Ng6+ Kf7 62. Ne5+ Ke7 63. Nd3 Kf7 64. Ke5 Ng7 65. Rf6+ Kg8 66. Ra6 Rf3 67. Ke4 Rf1 68. Rxa5 Ne6 69. Ra6 Nc7 70. Rc6 Ne8 71. Ne5 Re1+ 72. Kf5 Rf1 73. Rc8 Kf8 74. g6 Ke7 75. Rxe8+ Kxe8 76. g7 Rg1 77. Kf6 1-0

[Event "Speed Chess Championship 2020"]
[Site "Online"]
[Date "2020.11.04"]
[Round "1.25"]
[White "Firouzja, Alireza"]
[Black "Fedoseev, Vladimir"]
[Result "1-0"]
[ECO "B12"]
[WhiteElo "2749"]
[BlackElo "2676"]
[Annotator "ChessBase"]
[PlyCount "133"]
[EventDate "2020.10.31"]
[EventType "k.o."]
[SourceTitle "playchess.com"]
[Source "ChessBase"]
[SourceQuality "1"]
[TimeControl "60+1"]

1. e4 c6 2. d4 d5 3. e5 Bf5 4. Nf3 e6 5. Be2 h6 6. O-O Nd7 7. c3 Ne7 8. Nbd2 c5 9. dxc5 Nxc5 10. Bb5+ Nd7 11. Nd4 Bg6 12. Re1 a6 13. Ba4 Nf5 14. N2f3 Nxd4 15. Nxd4 Be7 16. Qg4 h5 17. Qg3 Bh4 18. Nxe6 Bxg3 19. Nxd8 Bxf2+ 20. Kxf2 Kxd8 21. e6 b5 22. Bb3 Nc5 23. Bxd5 Nd3+ 24. Kg1 Nxe1 25. Bg5+ f6 26. Bxa8 Nc2 27. Rd1+ Ke7 28. Bb7 fxg5 29. Bxa6 Kxe6 30. Bxb5 Rb8 31. a4 Be4 32. b4 Ke5 33. Rd7 Bf5 34. Rxg7 Kf6 35. Rc7 Rd8 36. h3 Rd1+ 37. Kf2 Rd2+ 38. Kg1 Ne3 39. Bc6 g4 40. hxg4 hxg4 41. Kh2 Nf1+ 42. Kg1 Ne3 43. g3 Bd3 44. b5 Nf5 45. b6 Rb2 46. b7 Ba6 47. Bb5 Bxb7 48. Rxb7 Nxg3 49. a5 Ra2 50. a6 Nf5 51. a7 Nh4 52. Bc6 Nf3+ 53. Kf1 Ke5 54. Rf7 Nd2+ 55. Ke1 Nf3+ 56. Rxf3 gxf3 57. a8=Q Rxa8 58. Bxa8 Kd6 59. Bxf3 Kc5 60. Kd2 Kc4 61. Kc2 Kc5 62. Kd3 Kb5 63. Kd4 Kb6 64. c4 Kc7 65. c5 Kd7 66. Kd5 Kc7 67. c6 1-0

[Event "Speed Chess Championship 2020"]
[Site "Online"]
[Date "2020.11.15"]
[Round "1.25"]
[White "Duda, Jan-Krzysztof"]
[Black "Caruana, Fabiano"]
[Result "1-0"]
[ECO "E53"]
[WhiteElo "2743"]
[BlackElo "2823"]
[Annotator "ChessBase"]
[PlyCount "103"]
[EventDate "2020.10.31"]
[EventType "k.o."]
[EventCountry "NET"]
[SourceTitle "playchess.com"]
[Source "ChessBase"]
[SourceQuality "1"]
[TimeControl "60+1"]

1. d4 Nf6 2. c4 e6 3. Nc3 Bb4 4. e3 O-O 5. Bd3 c5 6. Nf3 d5 7. cxd5 exd5 8. dxc5 Nbd7 9. Be2 Bxc3+ 10. Bd2 Nxc5 11. Bxc3 Nce4 12. Bd4 Be6 13. O-O Qe7 14. h3 Rfc8 15. Qb3 Nc5 16. Qa3 b6 17. Rfc1 Nfe4 18. b4 Nd7 19. Qb2 Ndf6 20. Ba6 Rxc1+ 21. Rxc1 Nd6 22. Bxf6 gxf6 23. Nd4 Nc4 24. Qe2 Ne5 25. a3 Kh8 26. Qh5 Rg8 27. Bf1 Bd7 28. Rc3 Qd6 29. f4 Nc6 30. Bd3 Rg7 31. Nf5 Bxf5 32. Bxf5 d4 33. Rd3 Qd5 34. e4 Qc4 35. Qd1 Rg8 36. Kh2 Rg7 37. Qd2 b5 38. Bd7 Rg8 39. Bxc6 Qxc6 40. Rxd4 Qc7 41. Rd6 Qe7 42. Qd4 Kg7 43. g4 Rc8 44. g5 Kg8 45. gxf6 Qf8 46. Kg3 Kh8 47. Qe5 Re8 48. Qd5 Qg8+ 49. Qg5 Qf8 50. e5 Rc8 51. Kh4 Qe8 52. Qg7# 1-0

[Event "Speed Chess Championship 2020"]
[Site "Online"]
[Date "2020.11.16"]
[Round "1.25"]
[White "Artemiev, Vladislav"]
[Black "Giri, Anish"]
[Result "1-0"]
[ECO "E62"]
[WhiteElo "2708"]
[BlackElo "2764"]
[Annotator "ChessBase"]
[PlyCount "107"]
[EventDate "2020.10.31"]
[EventType "k.o."]
[EventCountry "NET"]
[SourceTitle "playchess.com"]
[Source "ChessBase"]
[SourceQuality "1"]
[TimeControl "60+1"]

1. d4 Nf6 2. c4 g6 3. g3 Bg7 4. Bg2 O-O 5. Nc3 d6 6. Nf3 a5 7. O-O Bf5 8. Nh4 Bc8 9. b3 Nc6 10. Bb2 e5 11. dxe5 Nxe5 12. Nf3 Nfd7 13. Qd2 a4 14. Nb5 axb3 15. axb3 Rxa1 16. Bxa1 Nxf3+ 17. Bxf3 Ne5 18. Bg2 Re8 19. Rd1 b6 20. Nc3 Bd7 21. h3 h5 22. f4 Nc6 23. Nd5 Be6 24. Bxg7 Kxg7 25. Qc3+ f6 26. Nxf6 Qxf6 27. Qxf6+ Kxf6 28. Bxc6 Re7 29. Bg2 Bf5 30. Kf2 Bc2 31. Rc1 Bxb3 32. g4 hxg4 33. hxg4 Ba4 34. g5+ Kg7 35. e4 Bc6 36. Ke3 b5 37. cxb5 Bxb5 38. Kf2 Ba6 39. f5 gxf5 40. exf5 Re5 41. Rxc7+ Kf8 42. Bh3 Bd3 43. Rc8+ Kf7 44. g6+ Kg7 45. Rc7+ Kg8 46. f6 Bxg6 47. Rg7+ Kf8 48. Rxg6 Kf7 49. Rh6 Rg5 50. Bd7 d5 51. Kf3 d4 52. Kf4 Rg1 53. Bb5 Re1 54. Bc4+ 1-0

[Event "Speed Chess Championship 2020"]
[Site "Online"]
[Date "2020.11.08"]
[Round "1.27"]
[White "So, Wesley"]
[Black "Abdusattorov, Nodirbek"]
[Result "0-1"]
[ECO "B92"]
[WhiteElo "2816"]
[BlackElo "2662"]
[Annotator "ChessBase"]
[PlyCount "94"]
[EventDate "2020.10.31"]
[EventType "k.o."]
[SourceTitle "playchess.com"]
[Source "ChessBase"]
[SourceQuality "1"]
[TimeControl "60+1"]

1. e4 c5 2. Nf3 d6 3. d4 cxd4 4. Nxd4 Nf6 5. Nc3 a6 6. Be2 e5 7. Nf3 Be7 8. Bg5 Be6 9. Bxf6 Bxf6 10. O-O O-O 11. Nd5 Nd7 12. Bc4 Nb6 13. Bb3 Rc8 14. c3 Bxd5 15. Bxd5 Nxd5 16. Qxd5 Qb6 17. Qb3 Qxb3 18. axb3 Rfd8 19. Rfd1 Kf8 20. Ne1 Ke7 21. Nc2 Ke6 22. Nb4 Bg5 23. Kf1 f5 24. exf5+ Kxf5 25. Ke2 Ke6 26. Ra5 Rc5 27. Rxc5 dxc5 28. Nd3 b6 29. f3 a5 30. g3 h5 31. f4 Bf6 32. fxe5 Be7 33. Nf4+ Kxe5 34. Rxd8 Bxd8 35. Nxh5 g5 36. g4 b5 37. Kd3 Kd5 38. h3 c4+ 39. bxc4+ bxc4+ 40. Ke3 Bb6+ 41. Kf3 Bd8 42. Ke3 a4 43. Ng3 Bc7 44. Ne4 Bf4+ 45. Kf3 Bc1 46. Nf6+ Ke6 47. Ne4 Bxb2 0-1

[Event "Speed Chess Championship 2020"]
[Site "Online"]
[Date "2020.11.04"]
[Round "1.27"]
[White "Firouzja, Alireza"]
[Black "Fedoseev, Vladimir"]
[Result "0-1"]
[ECO "D73"]
[WhiteElo "2749"]
[BlackElo "2676"]
[Annotator "ChessBase"]
[PlyCount "94"]
[EventDate "2020.10.31"]
[EventType "k.o."]
[SourceTitle "playchess.com"]
[Source "ChessBase"]
[SourceQuality "1"]
[TimeControl "60+1"]

1. Nf3 Nf6 2. g3 g6 3. Bg2 Bg7 4. O-O O-O 5. d4 d5 6. c4 c6 7. Ne5 Be6 8. cxd5 cxd5 9. Nc3 Nbd7 10. Bf4 Rc8 11. Rc1 Qb6 12. Qd2 Rfd8 13. Nxd7 Bxd7 14. Be5 Bc6 15. e3 e6 16. Rc2 Ne8 17. Bxg7 Kxg7 18. Rfc1 Nd6 19. b3 Qa5 20. h4 h5 21. Bf1 Bd7 22. Bd3 Rc6 23. Nb1 Qxd2 24. Nxd2 Rdc8 25. Rxc6 Rxc6 26. Rxc6 Bxc6 27. Kf1 Bb5 28. Ke2 Bxd3+ 29. Kxd3 Kf6 30. a4 g5 31. Nf3 g4 32. Ne5 Kf5 33. Ke2 f6 34. Nd3 e5 35. a5 b6 36. axb6 axb6 37. Kd2 Ke4 38. Ke2 Nb5 39. dxe5 fxe5 40. Kd2 d4 41. exd4 Nxd4 42. b4 b5 43. Nc5+ Kf3 44. Ke1 Nc2+ 45. Kf1 Nxb4 46. Nd7 Nd3 47. Nf6 b4 0-1

[Event "Speed Chess Championship 2020"]
[Site "Online"]
[Date "2020.11.16"]
[Round "1.27"]
[White "Artemiev, Vladislav"]
[Black "Giri, Anish"]
[Result "1/2-1/2"]
[ECO "A12"]
[WhiteElo "2708"]
[BlackElo "2764"]
[Annotator "ChessBase"]
[PlyCount "136"]
[EventDate "2020.10.31"]
[EventType "k.o."]
[EventCountry "NET"]
[SourceTitle "playchess.com"]
[Source "ChessBase"]
[SourceQuality "1"]
[TimeControl "60+1"]

1. b3 Nf6 2. Bb2 d5 3. Nf3 Bf5 4. g3 e6 5. Bg2 h6 6. O-O Be7 7. c4 O-O 8. d3 c6 9. Nbd2 Nbd7 10. a3 a5 11. Qc2 Bd6 12. e4 dxe4 13. Nxe4 Be7 14. Rfd1 Qc7 15. Qe2 Rfd8 16. Nxf6+ Bxf6 17. Bxf6 Nxf6 18. d4 Be4 19. Qe3 b5 20. Rac1 Qb7 21. Ne5 Bxg2 22. Kxg2 a4 23. bxa4 Rxa4 24. Qf3 bxc4 25. Rxc4 Rxc4 26. Nxc4 Qb5 27. Ne5 Rd5 28. Rc1 Rxd4 29. Nxc6 Rd7 30. Nb4 Qb8 31. Rd1 Rxd1 32. Qxd1 e5 33. Qd3 Qa8+ 34. Kg1 e4 35. Qb3 Ng4 36. Qd5 Qxa3 37. Qxe4 Qc1+ 38. Kg2 Qh1+ 39. Kxh1 Nxf2+ 40. Kg2 Nxe4 41. Nd3 g5 42. Kf3 Nf6 43. g4 Kf8 44. Nb4 Ke7 45. Nc6+ Ke6 46. Nd8+ Ke7 47. Nc6+ Kd7 48. Nd4 Ng8 49. Ke4 Ne7 50. Ke5 Ke8 51. Kf6 Kf8 52. Ke5 Kg7 53. Ke4 Kf6 54. Ke3 Ke5 55. Nf3+ Kd5 56. Nd2 f5 57. gxf5 Nxf5+ 58. Kf3 Ke5 59. Kg4 Kf6 60. Kh5 Kg7 61. Ne4 Kh7 62. Nxg5+ hxg5 63. Kxg5 Ng7 64. h4 Ne6+ 65. Kf5 Ng7+ 66. Kf6 Nh5+ 67. Kg5 Ng7 68. h5 Nxh5 1/2-1/2

[Event "Speed Chess Championship 2020"]
[Site "Online"]
[Date "2020.11.08"]
[Round "1.28"]
[White "Abdusattorov, Nodirbek"]
[Black "So, Wesley"]
[Result "1-0"]
[ECO "B90"]
[WhiteElo "2662"]
[BlackElo "2816"]
[Annotator "ChessBase"]
[PlyCount "61"]
[EventDate "2020.10.31"]
[EventType "k.o."]
[SourceTitle "playchess.com"]
[Source "ChessBase"]
[SourceQuality "1"]
[TimeControl "60+1"]

1. e4 c5 2. Nf3 d6 3. d4 cxd4 4. Nxd4 Nf6 5. Nc3 a6 6. Be3 e5 7. Nb3 Be6 8. Qd2 Nbd7 9. O-O-O b5 10. Kb1 Rc8 11. f3 h5 12. g3 Nb6 13. Bxb6 Qxb6 14. Nd5 Nxd5 15. exd5 Bf5 16. Bd3 Bxd3 17. Qxd3 Be7 18. Rhg1 g6 19. Nd2 Kf8 20. h3 Bg5 21. Ne4 Be3 22. Rge1 Bf2 23. Re2 Bc5 24. g4 b4 25. Rf1 hxg4 26. fxg4 Rc7 27. Qf3 a5 28. Qf6 Kg8 29. Ng5 Qb5 30. Nxf7 Rxh3 31. Ng5 1-0

[Event "Speed Chess Championship 2020"]
[Site "Online"]
[Date "2020.11.04"]
[Round "1.29"]
[White "Firouzja, Alireza"]
[Black "Fedoseev, Vladimir"]
[Result "0-1"]
[ECO "A11"]
[WhiteElo "2749"]
[BlackElo "2676"]
[Annotator "ChessBase"]
[PlyCount "62"]
[EventDate "2020.10.31"]
[EventType "k.o."]
[SourceTitle "playchess.com"]
[Source "ChessBase"]
[SourceQuality "1"]
[TimeControl "60+1"]

1. Nf3 Nf6 2. g3 d5 3. Bg2 c6 4. O-O Bf5 5. c4 e6 6. Qb3 Qb6 7. d3 Nbd7 8. Qc2 dxc4 9. Qxc4 Qc5 10. Qb3 Qb6 11. Qc2 Be7 12. Nc3 O-O 13. Be3 Qc7 14. Rac1 a6 15. a3 Rac8 16. Rfd1 h6 17. Qb3 e5 18. Nh4 Be6 19. Qc2 Ng4 20. Bd2 Bxh4 21. gxh4 Qb6 22. Be1 Bb3 23. Qd2 Bxd1 24. Rxd1 f5 25. Qc2 Kh8 26. Na4 Qd8 27. Bb4 Qxh4 28. e3 Qxh2+ 29. Kf1 f4 30. Bxf8 Rxf8 31. exf4 Rxf4 0-1

[Event "Speed Chess Championship 2020"]
[Site "Online"]
[Date "2020.12.04"]
[Round "2.2"]
[White "Fedoseev, Vladimir"]
[Black "Nakamura, Hikaru"]
[Result "0-1"]
[ECO "E05"]
[WhiteElo "2676"]
[BlackElo "2736"]
[Annotator "RC"]
[PlyCount "100"]
[EventDate "2020.10.31"]
[EventType "k.o."]
[EventCountry "NET"]
[SourceTitle "playchess.com"]
[Source "ChessBase"]
[SourceQuality "1"]
[TimeControl "300+1"]

1. d4 Nf6 2. c4 e6 3. Nf3 d5 4. g3 Be7 5. Bg2 O-O 6. O-O dxc4 7. Qc2 a6 8. a4 Bd7 9. Qxc4 Bc6 10. Bf4 Bd6 11. Qc1 a5 12. Nc3 Na6 13. Bd2 Qe7 14. Qb1 Bb4 15. Re1 Bxf3 16. Bxf3 Rad8 17. Bxb7 Nc5 18. dxc5 Rxd2 19. Ne4 Nxe4 20. Bxe4 Qf6 21. Bxh7+ Kh8 22. Bd3 Rxb2 23. Qc1 Bxe1 24. Qxe1 Rb4 25. c6 Rd8 26. Kg2 Qd4 27. Bb5 g6 28. Rc1 Kg7 29. Qc3 Qxc3 30. Rxc3 g5 31. h3 f5 32. f3 Kf6 33. Rc1 Rbd4 34. Rc3 Rd1 35. Rc5 R8d5 36. Rc3 Ra1 37. f4 gxf4 38. gxf4 Rdd1 39. Kf3 Rh1 40. Kf2 Raf1+ 41. Kg2 Rhg1+ 42. Kh2 Rg7 43. e3 Rf2+ 44. Kh1 Rf3 45. Kh2 Rgg3 46. Bf1 Rxe3 47. Rc5 Rgf3 48. Kg2 Rxf4 49. Rxa5 Ra3 50. Ra7 Ra2+ 0-1

[Event "Speed Chess Championship 2020"]
[Site "Online"]
[Date "2020.11.19"]
[Round "2.4"]
[White "Duda, Jan-Krzysztof"]
[Black "So, Wesley"]
[Result "0-1"]
[ECO "C54"]
[WhiteElo "2743"]
[BlackElo "2816"]
[Annotator "RC"]
[PlyCount "112"]
[EventDate "2020.10.31"]
[EventType "k.o."]
[EventCountry "NET"]
[SourceTitle "playchess.com"]
[Source "ChessBase"]
[SourceQuality "1"]
[TimeControl "300+1"]

1. e4 e5 2. Nf3 Nc6 3. Bc4 Nf6 4. d3 Bc5 5. O-O O-O 6. Bg5 h6 7. Bh4 g5 8. Bg3 d6 9. c3 a6 10. Bb3 Ba7 11. Nbd2 Kg7 12. Re1 Ng8 13. Nf1 f5 14. exf5 Bxf5 15. Ne3 Bxe3 16. fxe3 Nf6 17. e4 Bg4 18. h3 Bh5 19. Rf1 Qe7 20. Qd2 Bg6 21. Rae1 Nh5 22. Bh2 Nf4 23. Kh1 Rf6 24. Rf2 Raf8 25. Ref1 Nd8 26. Ng1 Nde6 27. Bc2 c5 28. g3 Nh5 29. Kg2 c4 30. dxc4 Nc5 31. Qe3 Rxf2+ 32. Rxf2 Rxf2+ 33. Kxf2 Qf7+ 34. Nf3 Qxc4 35. b3 Nxe4+ 36. Bxe4 Qxe4 37. Qxe4 Bxe4 38. Nd2 Bd5 39. h4 g4 40. c4 Bc6 41. Nf1 Nf6 42. Ke1 Kg6 43. Bg1 Ne4 44. Bb6 h5 45. Ke2 Kf5 46. Kd3 Ke6 47. Kc2 d5 48. cxd5+ Kxd5 49. Ba5 Nd6 50. Ne3+ Ke4 51. Bb4 Nb5 52. Nc4 Nd4+ 53. Kd1 Kf3 54. Bd6 e4 55. Nd2+ Kg2 56. Bf4 Nf5 0-1

[Event "Speed Chess Championship 2020"]
[Site "Online"]
[Date "2020.12.03"]
[Round "2.7"]
[White "Nakamura, Hikaru"]
[Black "Fedoseev, Vladimir"]
[Result "1-0"]
[ECO "D43"]
[WhiteElo "2736"]
[BlackElo "2676"]
[Annotator "ChessBase"]
[PlyCount "61"]
[EventDate "2020.10.31"]
[EventType "k.o."]
[EventCountry "NET"]
[SourceTitle "playchess.com"]
[Source "ChessBase"]
[SourceQuality "1"]
[TimeControl "300+1"]

1. d4 d5 2. c4 e6 3. Nf3 Nf6 4. Nc3 c6 5. Bg5 h6 6. Bxf6 Qxf6 7. e3 Nd7 8. Bd3 dxc4 9. Bxc4 Bd6 10. O-O Qe7 11. a3 O-O 12. Qd3 Rd8 13. Rfd1 a5 14. Rac1 b6 15. e4 Bb7 16. e5 Bc7 17. Qe4 Rab8 18. Bd3 Nf8 19. Qe3 c5 20. Nb5 Rbc8 21. Be4 Bb8 22. a4 Ba6 23. h4 Bxb5 24. axb5 cxd4 25. Rxc8 Rxc8 26. Nxd4 Qxh4 27. Nc6 Bc7 28. g3 Qg4 29. Bf3 Qa4 30. Ne7+ Kh8 31. Nxc8 1-0

[Event "Speed Chess Championship 2020"]
[Site "Online"]
[Date "2020.12.03"]
[Round "2.9"]
[White "Nakamura, Hikaru"]
[Black "Fedoseev, Vladimir"]
[Result "1-0"]
[ECO "B06"]
[WhiteElo "2736"]
[BlackElo "2676"]
[Annotator "RC"]
[PlyCount "155"]
[EventDate "2020.10.31"]
[EventType "k.o."]
[EventCountry "NET"]
[SourceTitle "playchess.com"]
[Source "ChessBase"]
[SourceQuality "1"]
[TimeControl "180+1"]

1. d4 g6 2. e4 Bg7 3. Nc3 a6 4. f4 b5 5. Nf3 Bb7 6. Bd3 d6 7. e5 Nd7 8. Qe2 Nh6 9. a4 b4 10. Ne4 O-O 11. O-O c5 12. dxc5 d5 13. Ng3 Nxc5 14. Be3 Nxd3 15. Qxd3 a5 16. Rfd1 e6 17. h3 Qc7 18. Nd4 Rfc8 19. Qd2 Kh8 20. Rac1 Ba6 21. c3 bxc3 22. Rxc3 Qd7 23. Rxc8+ Bxc8 24. b3 Ng8 25. Rc1 Bf8 26. Rc2 Bb7 27. Qc1 Rc8 28. Rxc8 Bxc8 29. Nf1 Ba6 30. Nd2 Bb4 31. N2f3 Ne7 32. Bd2 Qb7 33. Bxb4 Qxb4 34. Qc7 Kg7 35. Kh2 h6 36. Qd6 Bd3 37. Qxb4 axb4 38. Ne1 Be4 39. Kg1 Kf8 40. a5 Ke8 41. a6 Nc8 42. Nb5 Kd7 43. a7 d4 44. Nd3 Nxa7 45. Nc5+ Kc6 46. Nxe4 Nxb5 47. Kf2 Kd5 48. Nf6+ Kc5 49. Ke2 h5 50. g3 Nc3+ 51. Kd3 Na2 52. Ne4+ Kd5 53. Nf6+ Kc5 54. Ne4+ Kd5 55. Nf6+ Kc6 56. Kxd4 Nc1 57. Kc4 Ne2 58. Ne4 h4 59. gxh4 Nxf4 60. Ng5 Kd7 61. Nxf7 Nxh3 62. Kxb4 Nf4 63. Kc5 Ng2 64. b4 Nxh4 65. b5 Nf5 66. b6 Ng3 67. Ng5 Nf5 68. Nxe6 Kc8 69. Nd4 Ne7 70. Kd6 Ng8 71. e6 Kb7 72. Kc5 g5 73. Nf5 g4 74. Kb5 Kb8 75. Kc6 Kc8 76. e7 Nxe7+ 77. Nxe7+ Kb8 78. Nf5 1-0

[Event "Speed Chess Championship 2020"]
[Site "Online"]
[Date "2020.12.03"]
[Round "2.11"]
[White "Nakamura, Hikaru"]
[Black "Fedoseev, Vladimir"]
[Result "1-0"]
[ECO "B09"]
[WhiteElo "2736"]
[BlackElo "2676"]
[Annotator "ChessBase"]
[PlyCount "47"]
[EventDate "2020.10.31"]
[EventType "k.o."]
[EventCountry "NET"]
[SourceTitle "playchess.com"]
[Source "ChessBase"]
[SourceQuality "1"]
[TimeControl "180+1"]

1. d4 g6 2. e4 Bg7 3. Nc3 d6 4. f4 Nf6 5. Nf3 O-O 6. Be2 e5 7. dxe5 dxe5 8. Qxd8 Rxd8 9. Nxe5 Na6 10. Nd3 c5 11. a3 b6 12. e5 Ne8 13. Bf3 Rb8 14. Be3 Nec7 15. O-O-O Bf5 16. Nf2 h5 17. Nfe4 Ne6 18. Nd6 Bg4 19. Bxg4 hxg4 20. Ncb5 Ra8 21. g3 Nac7 22. Nc3 f5 23. Rd2 g5 24. Nxf5 1-0

[Event "Speed Chess Championship 2020"]
[Site "Online"]
[Date "2020.11.19"]
[Round "2.13"]
[White "So, Wesley"]
[Black "Duda, Jan-Krzysztof"]
[Result "1-0"]
[ECO "D78"]
[WhiteElo "2816"]
[BlackElo "2743"]
[Annotator "ChessBase"]
[PlyCount "91"]
[EventDate "2020.10.31"]
[EventType "k.o."]
[EventCountry "NET"]
[SourceTitle "playchess.com"]
[Source "ChessBase"]
[SourceQuality "1"]
[TimeControl "180+1"]

1. d4 Nf6 2. c4 g6 3. g3 c6 4. Bg2 d5 5. Nf3 Bg7 6. O-O O-O 7. Ne5 Ng4 8. cxd5 Nxe5 9. dxe5 cxd5 10. Bxd5 Bxe5 11. Nc3 Qb6 12. Bh6 Bg7 13. Bxg7 Kxg7 14. Rc1 Rd8 15. Na4 Qb4 16. a3 Qg4 17. f3 Qd7 18. Qd4+ f6 19. Rfd1 e6 20. Nc5 Qf7 21. Nxe6+ Bxe6 22. Bxe6 Rxd4 23. Bxf7 Rxd1+ 24. Rxd1 Kxf7 25. Rd8 a5 26. h4 h5 27. g4 a4 28. Kf2 Ke7 29. Rg8 Kf7 30. Rh8 b5 31. e4 Kg7 32. Rc8 Kf7 33. g5 fxg5 34. hxg5 Ke7 35. f4 Kd7 36. Rg8 Kc7 37. f5 gxf5 38. exf5 Ra6 39. f6 Nd7 40. f7 Rd6 41. g6 Rf6+ 42. Kg3 Kd6 43. Kh4 Rf5 44. Re8 Rf4+ 45. Kxh5 Rf2 46. Kh6 1-0

[Event "Speed Chess Championship 2020"]
[Site "Online"]
[Date "2020.12.04"]
[Round "2.16"]
[White "Fedoseev, Vladimir"]
[Black "Nakamura, Hikaru"]
[Result "0-1"]
[ECO "C54"]
[WhiteElo "2676"]
[BlackElo "2736"]
[Annotator "ChessBase"]
[PlyCount "86"]
[EventDate "2020.10.31"]
[EventType "k.o."]
[EventCountry "NET"]
[SourceTitle "playchess.com"]
[Source "ChessBase"]
[SourceQuality "1"]
[TimeControl "180+1"]

1. e4 e5 2. Nf3 Nc6 3. Bc4 Bc5 4. c3 Nf6 5. d3 d6 6. O-O a5 7. Re1 h6 8. Nbd2 O-O 9. Nf1 Be6 10. Bb5 Bb6 11. h3 Ne7 12. d4 exd4 13. cxd4 d5 14. e5 Ne4 15. Ng3 c5 16. Be3 Nxg3 17. dxc5 Ngf5 18. cxb6 Nxe3 19. Rxe3 Qxb6 20. Rb3 Qa7 21. Nd4 Nf5 22. Nxf5 Bxf5 23. Rg3 Qb6 24. Qxd5 Be6 25. Qd3 Rfd8 26. Qe2 Rac8 27. Bd3 Rd4 28. Kh2 Rf4 29. Rf1 Bxa2 30. b3 Bxb3 31. Rb1 a4 32. Re3 Qc7 33. g3 Rd4 34. Bf5 Rcd8 35. e6 Rd2 36. Qxd2 Rxd2 37. e7 Rxf2+ 38. Kg1 Rxf5 39. e8=Q+ Kh7 40. Qe4 g6 41. Qd4 Qc2 42. Rb2 Qc1+ 43. Kh2 Bd5 0-1

[Event "Speed Chess Championship 2020"]
[Site "Online"]
[Date "2020.11.19"]
[Round "2.19"]
[White "So, Wesley"]
[Black "Duda, Jan-Krzysztof"]
[Result "1-0"]
[ECO "D46"]
[WhiteElo "2816"]
[BlackElo "2743"]
[Annotator "ChessBase"]
[PlyCount "69"]
[EventDate "2020.10.31"]
[EventType "k.o."]
[EventCountry "NET"]
[SourceTitle "playchess.com"]
[Source "ChessBase"]
[SourceQuality "1"]
[TimeControl "60+1"]

1. d4 Nf6 2. c4 c6 3. Nf3 d5 4. e3 e6 5. Nc3 Nbd7 6. Qc2 Bd6 7. Bd3 O-O 8. O-O dxc4 9. Bxc4 b5 10. Be2 Bb7 11. e4 e5 12. dxe5 Nxe5 13. Nd4 Neg4 14. g3 Be5 15. Nf5 Qb6 16. h3 Nh6 17. Be3 Qc7 18. Nxh6+ gxh6 19. Bxh6 Rfe8 20. Kh2 c5 21. Nxb5 Qe7 22. Bf3 Nxe4 23. Rae1 f5 24. Qc4+ Kh8 25. Nc3 Qd6 26. Bxe4 fxe4 27. Be3 Qh6 28. Qxc5 Qh5 29. Bd4 Rac8 30. Bxe5+ Rxe5 31. Qxa7 Re7 32. Qd4+ Rg7 33. Nxe4 Rf8 34. Nc5 Bc8 35. Ne6 1-0